 Dungeon Crawl Stone Soup version 0.27.0-1-g7a089689b8 (webtiles) character file.

Game seed: 17506617765187606050

51 SnakkuSnakku7 the Sneak (level 3, -4/22 HPs)
             Began as a Gargoyle Enchanter on Aug 15, 2021.
             Slain by a gnoll (6 damage)
             ... on level 2 of the Dungeon.
             The game lasted 00:02:45 (2937 turns).

SnakkuSnakku7 the Sneak (Gargoyle Enchanter)        Turns: 2937, Time: 00:02:45

Health: -4/22      AC: 11    Str: 12    XL:     3   Next: 83%
Magic:  6/6        EV:  5    Int: 15    God:
Gold:   42         SH:  0    Dex: 10    Spells: 5/6 levels left

rFire    . . .     SeeInvis .   a - +0 hand axe
rCold    . . .     Faith    .   (no shield)
rNeg     + . .     Spirit   .   d - +0 chain mail
rPois    ∞         Reflect  .   (no helmet)
rElec    +         Harm     .   (no cloak)
rCorr    .         Rampage  .   (no gloves)
Will     .....                  (no boots)
Stlth    ..........             (no amulet)
HPRegen  0.07/turn              (no ring)
MPRegen  0.10/turn              (no ring)

@: no status effects
A: sickness immunity, AC +3, negative energy resistance 1, electricity
resistance, torment resistance 1, petrification resistance
a: no special abilities


You were on level 2 of the Dungeon.
You visited 1 branch of the dungeon, and saw 2 of its levels.

You collected 42 gold pieces.

Inventory:

Hand Weapons
 a - a +0 hand axe (weapon)
 i - a +1 dagger
Armour
 b - a +0 robe
 d - a +0 chain mail (worn)
Scrolls
 c - a scroll of noise {unknown}
 e - 3 scrolls of teleportation
 f - a scroll of amnesia
 j - a scroll of fog
 k - a scroll of vulnerability
Potions
 h - a potion of haste


   Skills:
 - Level 2.9 Fighting
 - Level 0.8 Short Blades
 + Level 1.5 Axes
 - Level 1.5 Dodging
 - Level 3.2 Stealth
 - Level 2.0 Spellcasting
 - Level 2.6 Hexes


You had 5 spell levels left.
You knew the following spells:

 Your Spells              Type           Power      Damage    Failure   Level
a - Corona                Hex            10%        N/A       98%         1

Your spell library contained the following spells:

 Spells                   Type           Power      Damage    Failure   Level
 Ensorcelled Hibernation  Hex/Ice        10%        N/A       100%        2
 Confusing Touch          Hex            9%         N/A       100%        3
 Dazzling Flash           Conj/Hex       10%        N/A       100%        3
 Tukima's Dance           Hex            9%         N/A       100%        3


Dungeon Overview and Level Annotations

Branches:
Dungeon (2/15)

Altars:

Shops:
D:1 *


Innate Abilities, Weirdness & Mutations

You are immune to sickness and miasma.
Your stone body is resilient. (AC +3)
You are immune to poison.
You resist negative energy. (rN+)
You are resistant to electric shocks. (rElec)
You are resistant to unholy torment.
You are immune to petrification.


Message History

You feel yourself slow down.
You start resting.
HP restored.
As you read the scroll labelled METOBITWUTS, it crumbles to dust.
You feel strangely unstable.
It was a scroll of teleportation.
Unknown command.
As you read the scroll labelled ATYTUU YBROQ, it crumbles to dust.
It is a scroll of identify.
l - 2 potions of degeneration
As you read the scroll of identify, it crumbles to dust.
k - a scroll of vulnerability Drop what? 12/52 slots (_ for help) (? for menu, Esc to quit)
You drop 2 potions of degeneration.
Your surroundings suddenly seem different.
As you read the scroll of identify, it crumbles to dust.
j - a scroll of fog
As you read the scroll of identify, it crumbles to dust.
f - a scroll of amnesia
Okay, then.
There is a stone staircase leading down here.
You see here 2 potions of degeneration.
You climb downwards.
There is a stone staircase leading up here.
There is a stone staircase leading up here.
You open the door.
There is an open door here.
You open the door.
There is an open door here.
A gnoll is nearby!
A gnoll is nearby!
A gnoll is nearby!
The gnoll shouts!
You hear a shout!
A gnoll comes into view. It is wielding a +0 halberd.
The gnoll shouts!
The gnoll hits you with a +0 halberd! The gnoll hits you with a +0 halberd!
The gnoll hits you with a +0 halberd.
* * * LOW HITPOINT WARNING * * *
The gnoll hits you from afar with a +0 halberd.
You die...

### ### #.# #.#
#.##########.# #.......w....#
#.##########.# #.# #.#
########.##########.#####.##.
...........g..g..............
########.#####..@..........#.
#.# ####.#..###..... #.#
#.#..# ..#. #.# #.#..# .#
###g########.#..# #
##.......g........
#####..#.#######......
.............. ...
#####..#.#####


You could see 2 gnolls.

Vanquished Creatures
  A gnoll (D:1)
  A worm (D:2)
  7 endoplasms
  A giant cockroach (D:1)
  2 goblins (D:1)
  8 jackals
  2 quokkas (D:1)
  A ball python (D:2)
  4 frilled lizards
  2 kobolds (D:1)
  7 rats
36 creatures vanquished.

Notes
Turn   | Place    | Note
-------+----------+-------------------------------------------
     0 | D:1      | SnakkuSnakku7 the Gargoyle Enchanter began the quest for
                  | the Orb.
     0 | D:1      | Reached XP level 1. HP: 10/10 MP: 3/3
    55 | D:1      | Found a faded altar of an unknown god.
   381 | D:1      | Reached skill level 1 in Fighting
   387 | D:1      | Reached XP level 2. HP: 11/17 MP: 5/5
   442 | D:1      | Found Irikuikeme's General Store.
  1414 | D:1      | Reached XP level 3. HP: 15/22 MP: 6/6
  2196 | D:2      | Reached skill level 1 in Axes
  2937 | D:2      | Slain by a gnoll

Illustrated notes

Levels and vault maps discovered:
D:1:      co_arrival_random_square_maze, layout_loops_corners,
          dreamdust_ecumenical_altar_grove, serial_shops, shop
D:2:      layout_basic

Skill      XL: |  1  2  3 |
---------------+----------+-----
Fighting       | 1 2 |  2.9
Axes           | 1 |  1.5
Short Blades   | |  0.8
Dodging        | |  1.5
Stealth        | |  3.2
Spellcasting   | |  2.0
Hexes          | |  2.6

Action                   || total
-------------------------++-------
Melee: Dagger            ||   143
       Hand axe          ||    54
  Use: Scroll            ||     5
       Potion            ||     1
Armor: Chain mail        ||   149
Dodge: Dodged            ||    46
